 Dungeon Crawl Stone Soup version 0.20.0-14-g326068f (webtiles) character file.

193 Gorglomux the Ducker (level 6, -2/41 HPs)
             Began as a Halfling Air Elementalist on June 8, 2017.
             Slain by a gnoll shaman
             ... wielding a +0 club
              (11 damage)
             ... on level 2 of the Dungeon.
             The game lasted 00:16:39 (3544 turns).

Gorglomux the Ducker (Halfling Air Elementalist)    Turns: 3544, Time: 00:16:40

Health: -2/41      AC:  3    Str:  9    XL:     6   Next: 2%
Magic:  6/8        EV: 16    Int: 13    God:
Gold:   132        SH:  0    Dex: 17    Spells: 7/8 levels left

rFire    . . .     SeeInvis .   a - +0 hunting sling
rCold    . . .     Gourm    .   (shield restricted)
rNeg     . . .     Faith    .   o - +0 leather armour
rPois    .         Spirit   .   (no helmet)
rElec    .         Reflect  .   (no cloak)
rCorr    .         Harm     .   (no gloves)
MR       .....                  (no boots)
Stlth    ++........             (no amulet)
Regen    0.2/turn               (no ring)
MPRegen  0.2/turn               (no ring)

@: very slightly contaminated
A: mutation resistance 1
a: no special abilities


You were on level 2 of the Dungeon.
You were not hungry.

You visited 1 branch of the dungeon, and saw 4 of its levels.

You collected 132 gold pieces.

Inventory:

Hand Weapons
 a - a +0 hunting sling (weapon)
 b - a +0 dagger
 u - a +0 dagger
 y - a +0 rapier
Missiles
 e - 92 stones (quivered)
Armour
 o - a +0 leather armour (worn)
Scrolls
 m - a scroll of recharging {unknown}
 n - 6 scrolls of remove curse
 r - a scroll of identify {unknown}
 w - a scroll of amnesia {unknown}
 x - a scroll of teleportation {unknown}
Potions
 i - a potion of curing {unknown}
 k - a potion of mutation {unknown}
 l - a potion of lignification {unknown}
 s - a potion of heal wounds
 v - a potion of magic {unknown}
 A - a potion of degeneration {unknown}
Books
 j - a book of Air

   Spells                             Type                      Level
   a - Shock                          Conjuration/Air              1
   b - Swiftness                      Charms/Air                   2
   c - Static Discharge               Conjuration/Air              3
   d - Airstrike                      Air                          4
   e - Lightning Bolt                 Conjuration/Air              5
Comestibles
 c - 3 bread rations
 g - 6 fruits


   Skills:
 + Level 2.5 Fighting
 - Level 1.7 Short Blades
 + Level 2.3 Slings
 + Level 3.7 Dodging
 - Level 3.3 Stealth
 - Level 1.5 Spellcasting
 - Level 0.7 Conjurations
 - Level 3.0 Air Magic


You had 7 spell levels left.
You knew the following spells:

 Your Spells              Type           Power        Failure   Level  Hunger
a - Shock                 Conj/Air       #...         17%         1    ##.....


Dungeon Overview and Level Annotations

Branches:
Dungeon (4/15)             Temple (0/1) D:4

Altars:
Hepliaklqana
Makhleb
Zin
The Shining One


Innate Abilities, Weirdness & Mutations

You are small and have problems with some larger weapons.
You are somewhat resistant to further mutation.


Message History

Aiming: Shock
Press: ? - help, Shift-Dir - straight line
Okay, then.
Casting: Shock
Confirm with . or Enter, or press ? or * to list all spells.
Aiming: Shock
Press: ? - help, Shift-Dir - straight line The zap hits the gnoll shaman.
The gnoll shaman appears unharmed.
The gnoll shaman is lightly wounded.
The zap hits the gnoll shaman.
The gnoll shaman is moderately wounded.
The gnoll shaman closely misses you.
Casting: Shock
Confirm with . or Enter, or press ? or * to list all spells.
Aiming: Shock
Press: ? - help, Shift-Dir - straight line You miscast Shock.
You are very lightly contaminated with residual magic.
Strange energies run through your body. The gnoll shaman hits you with a club!
You die...

### ###.### ##.#
..# #.....# #..#
#.# #.....# #.##
#># #.[...# #.#
#.# #.....# #.###
..# #.....# #...#
#.# ####### ###.#
#.# #.# ..#
####### #@# #.#
#.....# #g# #.#
#...#.######.#
..###............#
.......###########
########


You could see a gnoll shaman.

Vanquished Creatures
  A hound (D:3)
  A quasit (D:4)
  A hound skeleton (D:4)
  A gnoll (D:4)
  3 adders
  An ooze (D:3)
  A worm (D:2)
  A dart slug (D:2)
  3 leopard geckos
  An orc (D:4)
  12 bats
  3 giant cockroaches
  7 goblins
  9 hobgoblins
  7 jackals
  4 frilled lizards
  8 kobolds
  8 rats
72 creatures vanquished.

Notes
Turn   | Place    | Note
-------+----------+-------------------------------------------
     0 | D:1      | Gorglomux the Halfling Air Elementalist began the quest for the Orb.
     0 | D:1      | Reached XP level 1. HP: 11/11 MP: 3/3
   158 | D:1      | Reached XP level 2. HP: 2/18 MP: 0/4
   444 | D:1      | Reached skill level 1 in Fighting
   734 | D:1      | Reached XP level 3. HP: 21/23 MP: 5/5
  1244 | D:1      | Reached skill level 1 in Short Blades
  1542 | D:2      | Reached skill level 3 in Stealth
  1594 | D:2      | Reached XP level 4. HP: 22/29 MP: 0/6
  1797 | D:2      | Found a hazy altar of Hepliaklqana.
  2263 | D:2      | Found a glowing golden altar of the Shining One.
  2421 | D:3      | Reached skill level 3 in Dodging
  2552 | D:3      | Found a burning altar of Makhleb.
  2612 | D:3      | Found a glowing silver altar of Zin.
  2709 | D:3      | Reached XP level 5. HP: 33/34 MP: 1/7
  2722 | D:3      | Noticed a sky beast
  3075 | D:4      | Reached skill level 1 in Slings
  3174 | D:4      | Found a staircase to the Ecumenical Temple.
  3466 | D:4      | Reached XP level 6. HP: 23/41 MP: 5/8
  3544 | D:2      | Slain by a gnoll shaman

Skill      XL: |  1  2  3  4  5 |
---------------+----------------+-----
Fighting       | 1 2 |  2.5
Short Blades   | 1 |  1.7
Stealth        | 3 |  3.3
Dodging        | 3 |  3.7
Slings         | 2 |  2.3
Spellcasting   | |  1.5
Conjurations   | |  0.7
Air Magic      | |  3.0

Action                   |  1- 3 |  4- 6 || total
-------------------------+-------+-------++-------
Melee: Unarmed           |     9 |       ||     9
       Dagger            |    79 |    98 ||   177
 Fire: Hunting sling     |       |    34 ||    34
 Cast: Shock             |    48 |    69 ||   117
  Use: Scroll            |       |     1 ||     1
       Potion            |       |     2 ||     2
 Stab: Sleeping          |     4 |       ||     4
  Eat: Chunk             |     4 |     8 ||    12
Armor: Robe              |    12 |       ||    12
       Leather armour    |     2 |    33 ||    35
Dodge: Dodged            |    64 |   131 ||   195
